[Event "Prague Open 2025"]
[Site "Prague"]
[Date "2025.01.15"]
[Round "7.16"]
[White "Mrazek, Adam"]
[Black "Fizer, Marek"]
[Result "0-1"]
[Annotator "RC"]
[ECO "A36"]
[WhiteElo "1919"]
[BlackElo "2155"]
[PlyCount "90"]
[EventDate "2025.01.07"]
[EventType "swiss"]
[EventCountry "CZE"]
[SourceTitle "playchess.com"]
[Source "ChessBase"]
[SourceQuality "1"]
[TimeControl "40/5400+30:1800+30"]

1. c4 c5 2. g3 g6 3. Bg2 Bg7 4. Nc3 Nc6 5. a3 d6 6. Nf3 Bf5 7. O-O Qc8 8. Re1 Bh3 9. Bh1 h5 10. Rb1 h4 11. b4 hxg3 12. hxg3 Qf5 13. e4 Qh5 14. Nd5 Bg4 15. Bg2 Nd4 16. Re3 Bxf3 17. Bxf3 Qh2+ 18. Kf1 Qh1+ 19. Bxh1 Rxh1+ 20. Kg2 Rxd1 21. Nc7+ Kd8 22. Nxa8 Kc8 23. f4 Nf6 24. e5 Ng4 25. Re4 f5 26. exf6 Bxf6 27. d3 Kb8 28. bxc5 dxc5 29. f5 Ne5 30. Bf4 Rxb1 31. Bxe5+ Bxe5 32. Rxe5 Nxf5 33. g4 Nd6 34. Rxe7 Kxa8 35. Rd7 Nc8 36. Rc7 Kb8 37. Rxc5 Rb3 38. d4 Rd3 39. Rd5 Kc7 40. a4 Ne7 41. Rc5+ Kd6 42. Rb5 Rxd4 43. Rxb7 Nc6 44. Rg7 Rxg4+ 45. Kh3 Rg1 0-1

[Event "Prague Open 2025"]
[Site "Prague"]
[Date "2025.01.15"]
[Round "7.17"]
[White "Ejsymont, Blanka"]
[Black "Tyomkyn, Mikhail"]
[Result "0-1"]
[Annotator "NA COMBH"]
[ECO "C50"]
[WhiteElo "1904"]
[BlackElo "2143"]
[PlyCount "134"]
[EventDate "2025.01.07"]
[EventType "swiss"]
[EventCountry "CZE"]
[SourceTitle "playchess.com"]
[Source "ChessBase"]
[SourceQuality "1"]
[TimeControl "40/5400+30:1800+30"]

1. e4 e5 2. Nf3 Nc6 3. Bc4 Nf6 4. d3 Bc5 5. c3 d6 6. O-O a5 7. Re1 Ba7 8. a4 O-O 9. h3 h6 10. Nbd2 Be6 $11 11. Bb3 Qd7 12. Nf1 Ne7 13. Ng3 Ng6 14. d4 Bxb3 15. Qxb3 c6 16. Be3 exd4 17. Bxd4 Bxd4 18. cxd4 Rfe8 19. Rad1 Nf4 20. e5 N6d5 21. exd6 Nxg2 22. Rxe8+ Rxe8 23. Ne5 Qxh3 24. Qf3 Nh4 25. Qh1 Qxh1+ 26. Kxh1 Rd8 27. Ne4 Nf5 28. Nc4 b6 29. Kg1 f6 30. Kf1 Kf7 31. Ke2 Ke6 32. Kd3 h5 33. Re1 Kd7 34. Rg1 g5 35. Re1 h4 36. b3 Rh8 37. Rh1 Nf4+ 38. Kd2 Nd5 39. Kd3 Rb8 40. Re1 Nf4+ 41. Kd2 Nd5 42. Kd3 h3 43. Rg1 Rh8 44. Re1 h2 45. Rh1 Rh3+ 46. Kd2 Nxd4 47. Ne3 Nxb3+ 48. Kc2 Nxe3+ 49. fxe3 Nc5 50. Nxf6+ Kxd6 51. Ng4 Nxa4 52. Rxh2 Rxh2+ 53. Nxh2 Kd5 54. Kd3 Nc5+ 55. Kd2 Ne4+ 56. Kd3 a4 57. Ng4 b5 58. Nh6 c5 59. Nf5 c4+ 60. Kc2 g4 61. Kb2 g3 62. Nh4 b4 63. Ng2 c3+ 64. Kb1 Kc4 65. Ne1 b3 66. Kc1 b2+ 67. Kc2 {[%emt 0:00:00] Check Result:-#4} Nd2 0-1

[Event "Prague Open 2025"]
[Site "Prague"]
[Date "2025.01.15"]
[Round "7.18"]
[White "Sindler, Michal"]
[Black "Musil, Vitezslav"]
[Result "1/2-1/2"]
[Annotator "TA"]
[ECO "C11"]
[WhiteElo "2136"]
[BlackElo "1937"]
[PlyCount "87"]
[EventDate "2025.01.07"]
[EventType "swiss"]
[EventCountry "CZE"]
[SourceTitle "playchess.com"]
[Source "ChessBase"]
[SourceQuality "1"]
[TimeControl "40/5400+30:1800+30"]

1. e4 e6 2. d4 d5 3. Nc3 Nf6 4. e5 Nfd7 5. f4 c5 6. Nf3 Nc6 7. Be3 cxd4 8. Nxd4 Bc5 9. Qd2 Bxd4 10. Bxd4 Nxd4 11. Qxd4 Qb6 12. Qxb6 Nxb6 13. Nb5 Ke7 14. O-O-O Bd7 15. Nd4 a6 16. b3 Rag8 17. Bd3 Bc8 18. Rde1 Nd7 19. Rhf1 Nc5 20. Kd2 f5 21. exf6+ gxf6 22. Rf2 Kd6 23. b4 Nxd3 24. cxd3 Bd7 25. Rfe2 Re8 26. Kc3 Rhg8 27. g3 Rgf8 28. Nf3 Rc8+ 29. Kb2 Rce8 30. Kb3 Re7 31. a4 Rfe8 32. d4 Rc8 33. f5 Rce8 34. fxe6 Rxe6 35. Rxe6+ Rxe6 36. Rxe6+ Bxe6 $11 {[%emt 0:01:46][%mdl 4096] Endgame KB-KN} 37. Nh4 Bh3 38. a5 Ke6 39. Kc3 Bf1 40. Kd2 Bh3 41. Ke3 Bf1 42. Kf4 Bd3 43. Nf3 Kd6 44. Ke3 $1 1/2-1/2

[Event "Prague Open 2025"]
[Site "Prague"]
[Date "2025.01.15"]
[Round "7.19"]
[White "Zhang, Hongya"]
[Black "Filindash, Nikita"]
[Result "0-1"]
[Annotator "NA RC"]
[ECO "C42"]
[WhiteElo "1648"]
[BlackElo "2072"]
[PlyCount "48"]
[EventDate "2025.01.07"]
[EventType "swiss"]
[EventCountry "CZE"]
[SourceTitle "playchess.com"]
[Source "ChessBase"]
[SourceQuality "1"]
[TimeControl "40/5400+30:1800+30"]

1. e4 e5 2. Nf3 Nf6 3. Nxe5 d6 4. Nf3 Nxe4 5. Nc3 Nxc3 6. dxc3 Be7 7. Be3 O-O 8. Qd2 Be6 9. O-O-O Bxa2 10. b3 a5 11. Kb2 a4 12. Ra1 axb3 $16 (12... Bxb3 $18 13. cxb3 Qd7) 13. cxb3 c5 14. Rxa2 Rxa2+ 15. Kxa2 Qa5+ 16. Kb2 Nc6 17. Bd3 Ra8 18. Bb1 Bf6 19. Bg5 Nb4 20. Kc1 Bxc3 21. Qxd6 Qa3+ 22. Kd1 Qb2 23. Qxc5 Qxb1+ 24. Bc1 Qc2# 0-1

[Event "Prague Open 2025"]
[Site "Prague"]
[Date "2025.01.15"]
[Round "7.20"]
[White "Taborsky, Rostislav"]
[Black "Mouryc, Tomas"]
[Result "1/2-1/2"]
[Annotator "NA COMBH"]
[ECO "E12"]
[WhiteElo "2069"]
[BlackElo "1932"]
[PlyCount "67"]
[EventDate "2025.01.07"]
[EventType "swiss"]
[EventCountry "CZE"]
[SourceTitle "playchess.com"]
[Source "ChessBase"]
[SourceQuality "1"]
[TimeControl "40/5400+30:1800+30"]

1. d4 Nf6 2. c4 e6 3. Nf3 b6 4. a3 Bb7 5. Bf4 Be7 6. Nc3 Ne4 7. Nxe4 Bxe4 8. e3 d6 9. Bd3 Bb7 10. e4 Nd7 11. d5 Bf6 12. Rb1 Qe7 13. O-O g5 14. Be3 h5 15. b4 Ne5 16. Nxe5 dxe5 17. c5 exd5 18. exd5 Kf8 19. c6 Bc8 20. Be4 Qd6 21. Qd2 Rg8 22. Rfd1 Be7 23. Qc2 Qd8 24. Bh7 Rg7 25. h4 Qd6 26. Bf5 gxh4 27. Bxc8 Rxc8 28. Qf5 Rd8 29. Qxh5 Qg6 30. Qh8+ Rg8 31. Qh6+ Rg7 32. Qh8+ Rg8 33. Qh6+ Rg7 {[%emt 0:00:04] Check Result:0.00} 34. Qh8+ 1/2-1/2

[Event "Prague Open 2025"]
[Site "Prague"]
[Date "2025.01.15"]
[Round "7.21"]
[White "Bezeyko, Olexander"]
[Black "Policar, Martin"]
[Result "1-0"]
[Annotator "NA RC"]
[ECO "B03"]
[WhiteElo "2050"]
[BlackElo "1861"]
[PlyCount "115"]
[EventDate "2025.01.07"]
[EventType "swiss"]
[EventCountry "CZE"]
[SourceTitle "playchess.com"]
[Source "ChessBase"]
[SourceQuality "1"]
[TimeControl "40/5400+30:1800+30"]

1. e4 Nf6 2. e5 Nd5 3. c4 Nb6 4. d4 d6 5. f4 dxe5 6. fxe5 Nc6 7. Be3 Bf5 8. Be2 e6 9. Nf3 Be7 10. O-O O-O 11. Nc3 f6 12. exf6 Bxf6 13. Qd2 Qd7 14. Rad1 Rad8 15. Qc1 Qe7 16. h3 Bg6 17. Kh1 a6 18. b3 Kh8 19. Rf2 Rd7 20. d5 Bxc3 21. dxc6 Rxd1+ 22. Bxd1 Bf6 23. cxb7 c5 24. Bc2 Bxc2 25. Qxc2 Rb8 26. Qe4 Qxb7 27. Qxe6 Qe7 28. Qxe7 Bxe7 29. Ne5 Re8 30. Nd3 Nd7 31. Rf5 Bd6 32. Rd5 Re6 33. Bf4 Bxf4 34. Nxf4 Re1+ 35. Kh2 Re7 36. Nd3 Kg8 37. Nxc5 Nxc5 38. Rxc5 Kf7 39. Rc6 a5 40. Ra6 Re5 41. Kg3 Rf5 42. Rb6 Ke7 43. Rb5 Rxb5 44. cxb5 Kd6 45. a4 h6 46. Kf4 g6 47. h4 Kd5 48. g4 Kd6 49. h5 gxh5 50. gxh5 Kc5 51. Kf5 Kb4 52. b6 Kxb3 53. b7 Kxa4 54. b8=Q Ka3 55. Kg6 a4 56. Kxh6 Ka2 57. Qb4 a3 58. Qxa3+ 1-0